 Dungeon Crawl Stone Soup version 0.21-a0-143-g1ab7d47 (webtiles) character file.

14833 Lianjan the Fighter (level 11, -9/97 HPs)
             Began as a Red Draconian Ice Elementalist on July 25, 2017.
             Was an Elder of Kikubaaqudgha.
             Killed from afar by a battlesphere (14 damage)
             ... created by Akrius's ghost
             ... on level 3 of the Lair of Beasts.
             The game lasted 00:47:35 (16830 turns).

Lianjan the Fighter (DrIE)                         Turns: 16830, Time: 00:47:36

Health: -9/97      AC:  9    Str: 10    XL:     11   Next: 93%
Magic:  3/23       EV: 12    Int: 24    God:    Kikubaaqudgha [****..]
Gold:   506        SH:  0    Dex: 12    Spells: 1/27 levels left

rFire    + . .     SeeInvis +   a - +1 flail (drain)
rCold    . . .     Gourm    .   (no shield)
rNeg     . . .     Faith    .   (armour unavailable)
rPois    .         Spirit   .   (helmet restricted)
rElec    +         Reflect  .   (no cloak)
rCorr    .         Harm     .   E - +0 pair of gloves
MR       +++..                  O - +0 pair of boots (curse)
Stlth    +.........             H - amulet "Raoqiff" {RegenMP *Slow +Inv MR++ Slay+6}
HPRegen  0.26/turn              u - ring "Ruobloki" {rElec MR+ SInv}
MPRegen  0.43/turn              h - +5 ring of intelligence

@: confused, slightly contaminated, drained
A: breathe fire, unfitting armour, fire resistance 1, cold-blooded, AC +7
a: Breathe Fire, Receive Corpses, Renounce Religion, Evoke Invisibility


You were on level 3 of the Lair of Beasts.
You worshipped Kikubaaqudgha.
Kikubaaqudgha was greatly pleased with you.
You were very hungry.

You visited 3 branches of the dungeon, and saw 14 of its levels.

You collected 506 gold pieces.

Inventory:

Hand Weapons
 a - a +1 flail of draining (weapon)
 v - a +4 whip
Missiles
 j - 476 stones (quivered)
 z - a throwing net
Armour
 E - a +0 pair of gloves (worn)
 M - a +0 buckler
 O - a cursed +0 pair of boots (worn)
Magical Staves
 b - an uncursed staff of summoning
 N - an uncursed staff of cold
Jewellery
 h - a +5 ring of intelligence (right hand)
 u - the ring "Ruobloki" (left hand) {rElec MR+ SInv}
   (You found it on level 3 of the Dungeon)

   [ring of protection from magic]

   It insulates you from electricity.
   It affects your resistance to hostile enchantments.
   It lets you see invisible.
 G - an uncursed ring of protection from cold
 H - the amulet "Raoqiff" (around neck) {RegenMP *Slow +Inv MR++ Slay+6}
   (You acquired it on level 9 of the Dungeon)

   [amulet of magic regeneration]

   It increases your magic regeneration.
   It affects your accuracy and damage with ranged weapons and melee attacks
   (+6).
   It affects your resistance to hostile enchantments.
   It lets you turn invisible.
   It may slow you when you take damage.
 K - an uncursed amulet of harm {unknown}
Wands
 k - a wand of random effects (23/48)
 w - a wand of paralysis (9/24)
 y - a wand of clouds (9/9)
 C - a wand of acid (8/15)
 D - a wand of confusion (28/48)
 I - a wand of confusion (17/48)
Scrolls
 e - a scroll of fear
 n - a scroll of fog
 o - 5 scrolls of teleportation
 A - 3 scrolls of magic mapping
 B - 2 scrolls of remove curse
Potions
 c - a potion of heal wounds
 d - 2 potions of mutation
 g - 2 potions of brilliance
 i - a potion of ambrosia
 m - 4 potions of haste
 p - 8 potions of curing
 r - a potion of lignification
 s - 2 potions of resistance
 t - 2 potions of flight
 x - 2 potions of magic {unknown}
 J - 2 potions of degeneration {unknown}
 L - 2 potions of berserk rage {unknown}
Comestibles
 f - 5 meat rations
 l - 11 royal jellies
 q - 5 fruits
 F - 8 bread rations


   Skills:
 + Level 9.0(8.6) Fighting
 + Level 2.5(2.2) Dodging
 - Level 1.7(1.4) Stealth
 + Level 8.6(8.2) Spellcasting
 + Level 6.8(6.4) Conjurations
 - Level 5.9(5.5) Summonings
 + Level 8.2(7.9) Necromancy
 - Level 5.2(4.9) Ice Magic
 + Level 6.7(6.3) Evocations


You had one spell level left.
You knew the following spells:

 Your Spells              Type           Power        Failure   Level  Hunger
a - Freeze                Ice            ####         1%          1    None
b - Ozocubu's Armour      Chrm/Ice       ###.....     7%          3    None
c - Throw Icicle          Conj/Ice       #####...     6%          4    ##.....
d - Corpse Rot            Necr           N/A          1%          2    None
e - Vampiric Draining     Necr           #####.....   1%          3    None
f - Summon Ice Beast      Ice/Summ       #####...     7%          4    ##.....
g - Bolt of Draining      Conj/Necr      #####.....   9%          5    #####..
h - Animate Dead          Necr           N/A          2%          4    ##.....


Dungeon Overview and Level Annotations

Branches:
Dungeon (10/15)            Temple (1/1) D:4            Lair (3/6) D:9
  Snake (0/4) Lair:2          Orc (0/2) D:9
  Swamp: Lair:2-4    Shoals: Lair:2-4

Altars:
Ashenzari
Cheibriados
Dithmenos
Elyvilon
Fedhas
Gozag
Hepliaklqana
Kikubaaqudgha
Makhleb
Nemelex Xobeh
Okawaru
Qazlal
Ru
Sif Muna
Trog
Uskayaw
Vehumet
Wu Jian
Xom
Yredelemnul
Zin
The Shining One

Shops:
D:6 =   D:7 %

Annotations:
Lair:1 exclusion: oklob plant
Lair:3 Akrius's ghost, journeyman DrCj


Innate Abilities, Weirdness & Mutations

You can breathe blasts of fire.
Your fiery red scales are hard. (AC +7)
You cannot fit into any form of body armour.
Your flesh is heat resistant. (rF+)
You are cold-blooded and may be slowed by cold attacks.


Message History

You are lightly contaminated with residual magic.
Nothing appears to happen.
Casting: Throw Icicle
Confirm with . or Enter, or press ? or * to list all spells.
You don't have enough magic to cast that spell.
Akrius's ghost says, "I will blast you to bits."
Akrius's ghost points at you and mumbles some strange words.
The spray of energy hits you!
You are confused.
Your ice beast misses Akrius's ghost.
Your komodo dragon zombie bites Akrius's ghost but does no damage.
You feel sick.
You are no longer poisoned.
Akrius's ghost casts a spell at you. The spray of energy hits you!
* * * LOW HITPOINT WARNING * * *
You are more confused.
The battlesphere fires!
The barrage of energy hits you!
You die...
Kikubaaqudgha rasps: "You have failed me!
Welcome... death!"

#..##.####.........##
#.......#...###Z....##
#...#.......P####....#
#..........Z## #.#....
#..........## ####...
##.....*...## ##..
#.......Z...# ##.#
###....ZY...# #.##
#...@W.PP## ###
#.......## ###.......#
# #........######## #
#.#.......##..#.### ##
###..........#.##.####.
.
#P.....##........##.#.
#
#..P..######........#..
# #.#....P ####..#.....


You could see a battlesphere, Akrius's ghost, a friendly ice beast, a friendly
komodo dragon zombie (invisible), a friendly water moccasin zombie and a
friendly crocodile zombie (petrified).

Vanquished Creatures
  Josephine (D:10)
  A hydra (Lair:3)
  3 two-headed ogres
  4 spiny frogs
  A rime drake (Lair:2)
  A komodo dragon (Lair:1)
  6 blink frogs
  3 hippogriffs
  2 yaks (Lair:3)
  A wyvern (D:9)
  A hungry ghost (D:9)
  4 water moccasins
  3 porcupines
  6 orc warriors
  2 sky beasts
  4 ogres
  3 phantoms
  An ice beast (D:5)
  8 wolves
  A centaur (D:5)
  A crocodile (Lair:1)
  2 big kobolds (D:9)
  4 bullfrogs
  A scorpion (D:7)
  An electric eel (Lair:1)
  4 howler monkeys
  2 crimson imps
  4 jellies
  4 hounds
  2 gnoll shamans
  6 orc priests
  11 orc wizards
  A bullfrog skeleton (D:6)
  Natasha (D:4)
  4 iguanas
  9 worker ants
  A hound skeleton (D:5)
  A worker ant zombie (D:9)
  10 gnolls
  8 adders
  3 shadow imps
  6 oozes
  An adder zombie (D:7)
  2 worms (D:2)
  5 dart slugs
  3 leopard geckos
  39 orcs
  8 giant cockroaches
  9 goblins
  8 hobgoblins
  3 jackals
  3 quokkas
  A ball python (D:3)
  6 bats
  2 frilled lizards
  7 kobolds
  A leopard gecko skeleton (D:4)
  5 rats
245 creatures vanquished.

Vanquished Creatures (collateral kills)
  A hydra (Lair:1)
  The ghost of Vibarexel the Geomancer, a novice DEEE of Sif Muna (Lair:1)
  A komodo dragon (Lair:3)
  A polar bear (Lair:2)
  11 blink frogs
  A hippogriff (Lair:2)
  5 yaks (Lair:2)
  2 wolves (Lair:3)
  4 crocodiles
  A bullfrog (Lair:1)
  A fungus (Lair:2)
29 creatures vanquished.

Vanquished Creatures (others)
  2 fungi (Lair:1)
  A plant (Lair:2)
3 creatures vanquished.

Grand Total: 277 creatures vanquished

Notes
Turn   | Place    | Note
-------+----------+-------------------------------------------
     0 | D:1      | Lianjan the Draconian Ice Elementalist began the quest for the Orb.
     0 | D:1      | Reached XP level 1. HP: 14/14 MP: 3/3
   128 | D:1      | Reached XP level 2. HP: 20/20 MP: 1/5
   984 | D:1      | Reached XP level 3. HP: 26/26 MP: 4/7
   990 | D:1      | Learned a level 3 spell: Ozocubu's Armour
  1253 | D:2      | Found a snail-covered altar of Cheibriados.
  1412 | D:2      | Found a radiant altar of Vehumet.
  1417 | D:2      | Found a glowing golden altar of the Shining One.
  1417 | D:2      | Found a burning altar of Makhleb.
  1417 | D:2      | Found a shattered altar of Ashenzari.
  1428 | D:2      | Found a deep blue altar of Sif Muna.
  1432 | D:2      | Found a sacrificial altar of Ru.
  1582 | D:2      | Reached XP level 4. HP: 9/33 MP: 0/8
  2479 | D:2      | You fall through a shaft for 2 floors!
  2493 | D:4      | Reached XP level 5. HP: 32/38 MP: 4/10
  2502 | D:4      | Learned a level 4 spell: Throw Icicle
  2553 | D:4      | Reached skill level 5 in Ice Magic
  2572 | D:4      | Found a staircase to the Ecumenical Temple.
  2592 | Temple   | Entered the Ecumenical Temple
  2629 | Temple   | Became a worshipper of Kikubaaqudgha
  3229 | D:3      | Noticed an ogre
  3242 | D:3      | Killed an ogre
  3242 | D:3      | Reached skill level 1 in Necromancy
  3242 | D:3      | Reached XP level 6. HP: 11/45 MP: 1/11
  3337 | D:3      | Got a scintillating lapis lazuli ring
  3466 | D:3      | Identified the ring "Ruobloki" {rElec MR+ SInv} (You found it on level 3 of the Dungeon)
  3525 | D:3      | Found a faded altar of an unknown god.
  3722 | D:3      | Found a shimmering altar of Xom.
  3725 | D:3      | Reached * piety under Kikubaaqudgha
  3725 | D:3      | Identified Kikubaaqudgha's Disquisition on Evil (Kikubaaqudgha gifted it to you on level 3 of the Dungeon)
  3725 | D:3      | Received a gift from Kikubaaqudgha
  3730 | D:3      | Learned a level 2 spell: Corpse Rot
  4434 | D:4      | Found a hide-covered altar of Uskayaw.
  4435 | D:4      | Noticed Natasha
  4438 | D:4      | Killed Natasha
  4444 | D:4      | Learned a level 3 spell: Vampiric Draining
  4564 | D:4      | Your scales start taking on a fiery red colour.
  4564 | D:4      | Reduced skill Ice Magic to level 5
  4564 | D:4      | Reached XP level 7. HP: 46/50 MP: 6/13
  4564 | D:4      | Gained mutation: Your flesh is heat resistant. (rF+) [Red Draconian growth]
  5111 | D:4      | Found a shadowy altar of Dithmenos.
  5350 | D:5      | Entered Level 5 of the Dungeon
  5530 | D:5      | Reached skill level 1 in Fighting
  5642 | D:5      | Found an iron altar of Okawaru.
  6499 | D:5      | Reached skill level 2 in Fighting
  6591 | D:5      | Reached XP level 8. HP: 62/62 MP: 11/15
  6807 | D:6      | Found Byossas's Jewellery Boutique.
  7078 | D:6      | Reached ** piety under Kikubaaqudgha
  7078 | D:6      | Reached skill level 5 in Spellcasting
  7258 | D:6      | Learned a level 4 spell: Summon Ice Beast
  7396 | D:6      | Reached skill level 3 in Fighting
  7848 | D:6      | Reached skill level 5 in Conjurations
  8110 | D:6      | Reached skill level 4 in Fighting
  8699 | D:7      | Reached XP level 9. HP: 71/71 MP: 17/17
  8999 | D:7      | Found Degeolie's Food Boutique.
  9363 | D:8      | Reached skill level 1 in Evocations
  9507 | D:8      | Found a shattered altar of Ashenzari.
  9602 | D:8      | Reached skill level 5 in Necromancy
  9920 | D:8      | Noticed a two-headed ogre
  9956 | D:8      | Killed a two-headed ogre
  9956 | D:8      | Reached skill level 5 in Fighting
 10195 | D:8      | Reached *** piety under Kikubaaqudgha
 10195 | D:8      | Identified Kikubaaqudgha's Catalogue of Evil Rituals (Kikubaaqudgha gifted it to you on level 8 of the Dungeon)
 10195 | D:8      | Received a gift from Kikubaaqudgha
 10720 | D:9      | Reached XP level 10. HP: 83/83 MP: 16/20
 10733 | D:9      | Learned a level 5 spell: Bolt of Draining
 10750 | D:9      | Found a staircase to the Orcish Mines.
 10924 | D:9      | Found a stormy altar of Qazlal.
 11003 | D:9      | Noticed a two-headed ogre
 11014 | D:9      | Killed a two-headed ogre
 11014 | D:9      | Reached skill level 6 in Fighting
 11239 | D:9      | Identified a scroll of acquirement
 11240 | D:9      | Got a scorched garnet amulet
 11241 | D:9      | Identified the amulet "Raoqiff" {RegenMP *Slow +Inv MR++ Slay+6} (You acquired it on level 9 of the Dungeon)
 11790 | D:9      | Noticed a two-headed ogre
 11802 | D:9      | Killed a two-headed ogre
 12110 | D:9      | Found a staircase to the Lair.
 12206 | D:9      | Found a sparkling altar of Nemelex Xobeh.
 12243 | D:10     | Entered Level 10 of the Dungeon
 12245 | D:10     | Noticed Josephine
 12256 | D:10     | Killed Josephine
 12256 | D:10     | Reached skill level 7 in Fighting
 12256 | D:10     | Reached skill level 5 in Evocations
 12293 | Lair:1   | Entered Level 1 of the Lair of Beasts
 12656 | Lair:1   | Noticed a spiny frog
 12665 | Lair:1   | Killed a spiny frog
 12665 | Lair:1   | Reached XP level 11. HP: 86/92 MP: 19/22
 12682 | Lair:1   | Reached **** piety under Kikubaaqudgha
 12876 | Lair:1   | Noticed Vibarexel's ghost (novice DEEE)
 12884 | Lair:1   | Killed Vibarexel's ghost
 12957 | Lair:1   | Reached skill level 5 in Summonings
 13445 | Lair:1   | Reached skill level 8 in Fighting
 13529 | Lair:1   | Learned a level 4 spell: Animate Dead
 14014 | Lair:1   | Noticed a seven-headed hydra
 14026 | Lair:1   | Killed a seven-headed hydra
 14098 | Lair:1   | Noticed an oklob plant
 15372 | Lair:2   | Found a staircase to the Snake Pit.
 16007 | Lair:3   | Noticed Akrius's ghost (journeyman DrCj)
 16443 | Lair:3   | Noticed a five-headed hydra
 16453 | Lair:3   | Killed a five-headed hydra
 16543 | Lair:3   | Reached skill level 9 in Fighting
 16585 | Lair:3   | Found a shadowy altar of Dithmenos.
 16830 | Lair:3   | Killed from afar by a battlesphere

Vault maps used:
D:1:      minmay_arrival_glassed_features, minmay_misc_feat_nine_boxes
D:2:      minmay_overflow_temple_hex, kennysheep_slug_shrine,
          minmay_misc_feat_room
D:3:      lemuel_crystal_altar, chequers_ecumenical_altar_simple_redux,
          palyth_stone_intersect, minmay_checkerbox
D:4:      nicolae_overflow_hidden_temple, old_standard_altar,
          minmay_temple_entry_trees, first_bread, hangedman_decor_push,
          uniq_natasha
D:5:      old_standard_altar, kennysheep_boxes
D:6:      serial_shops, shop, kennysheep_generic_room_12
D:7:      serial_shops, nicolae_shop_temple_entry_statues_fountains
D:8:      basic_altar, hangedman_little_slice_of_home
D:9:      wad_arrow_thing, nemelex_altar_shiori, nicolae_overflow_crystal_walls,
          lair_entry_dummy, david_orc_2, hangedman_decor_points
D:10:     minmay_strange_pillars, uniq_josephine
Temple:   jpeg_temple_island
Lair:1:   infiniplex_staircase_pool
Lair:2:   dummy_snake_entry, grunt_megastairs_5, serial_bayou_shore_a
Lair:3:   basic_altar, serial_bayou_shore_b

Skill      XL: |  1  2  3  4  5  6  7  8  9 10 11 |
---------------+----------------------------------+-----
Ice Magic      | 4 5 5 |  5.2
Spellcasting   | 3 4 5 6 7 8 |  8.6
Necromancy     | 1 2 3 4 5 7 8 |  8.2
Conjurations   | 3 5 6 |  6.8
Fighting       | 2 4 5 7 9 |  9.0
Evocations     | 3 5 6 |  6.7
Summonings     | 2 4 5 |  5.9
Dodging        | 2 |  2.5
Stealth        | |  1.7

Action                   |  1- 3 |  4- 6 |  7- 9 | 10-12 || total
-------------------------+-------+-------+-------+-------++-------
Melee: Unarmed           |    17 |    31 |       |       ||    48
       Tailslap          |     1 |     3 |    16 |    10 ||    30
       Whip              |       |     6 |       |       ||     6
       Flail             |       |       |   167 |    83 ||   250
Throw: Stone             |     4 |       |     2 |     5 ||    11
 Cast: Freeze            |    55 |   114 |   134 |   121 ||   424
       Ozocubu's Armour  |     1 |     7 |    14 |    22 ||    44
       Throw Icicle      |       |       |    12 |     9 ||    21
       Vampiric Draining |       |       |       |    27 ||    27
       Summon Ice Beast  |       |       |       |    44 ||    44
       Bolt of Draining  |       |       |       |     4 ||     4
       Animate Dead      |       |       |       |     3 ||     3
       Corpse Rot        |       |       |       |     2 ||     2
Invok: Receive Corpses   |       |       |       |     1 ||     1
 Abil: Breathe Fire      |       |       |    19 |    13 ||    32
Evoke: Wand              |       |       |     1 |       ||     1
  Use: Scroll            |       |     7 |     8 |    13 ||    28
       Potion            |       |     1 |       |     1 ||     2
 Stab: Sleeping          |       |       |       |     1 ||     1
  Eat: Chunk             |     2 |    11 |    21 |    21 ||    55
       Fruit             |       |       |     2 |       ||     2
       Royal jelly       |       |       |     1 |       ||     1
       Meat ration       |       |       |       |     1 ||     1
Armor: Skin              |    16 |    50 |   109 |    98 ||   273
Dodge: Dodged            |    39 |    87 |   229 |   167 ||   522
